 Dungeon Crawl Stone Soup version 0.25-a0-875-geaba134f46 (webtiles) character file.

Game seed: 5537173891009125466, levelgen mode: classic

31 Amnesiac the Magician (level 3, -3/19 HPs)
             Began as a Deep Elf Wizard on May 2, 2020.
             Killed from afar by a dart slug (6 damage)
             ... with a slug dart
             ... on level 2 of the Dungeon.
             The game lasted 00:02:01 (574 turns).

Amnesiac the Magician (Deep Elf Wizard)              Turns: 574, Time: 00:02:02

Health: -3/19      AC:  2    Str:  4    XL:     3   Next: 7%
Magic:  0/12       EV: 13    Int: 23    God:
Gold:   25         SH:  0    Dex: 13    Spells: 3/14 levels left

rFire    . . .     SeeInvis .   f - +0 mace
rCold    . . .     Gourm    .   (no shield)
rNeg     . . .     Faith    .   a - +0 robe
rPois    .         Spirit   .   b - +0 hat
rElec    .         Reflect  .   (no cloak)
rCorr    .         Harm     .   (no gloves)
MR       .....                  (no boots)
Stlth    ++........             (no amulet)
HPRegen  0.06/turn              (no ring)
MPRegen  0.13/turn              (no ring)

@: no status effects
A: no striking features
a: no special abilities


You were on level 2 of the Dungeon.
You were not hungry.

You visited 1 branch of the dungeon, and saw 2 of its levels.

You collected 25 gold pieces.

Inventory:

Hand Weapons
 f - a +0 mace (weapon)
Armour
 a - a +0 robe (worn)
 b - a +0 hat (worn)
Potions
 c - a potion of curing {!q, unknown}
 e - 2 potions of stabbing {!q, unknown}
Comestibles
 d - 3 rations


   Skills:
 - Level 2.4 Dodging
 - Level 2.4 Stealth
 + Level 6.0 Spellcasting
 - Level 1.1 Conjurations
 - Level 1.1 Summonings
 - Level 1.1 Translocations


You had 3 spell levels left.
You knew the following spells:

 Your Spells              Type           Power        Failure   Level  Hunger
a - Magic Dart            Conj           ##..         5%          1    None
b - Call Imp              Summ           ##......     9%          2    None
e - Mephitic Cloud        Conj/Pois/Air  #.......     22%         3    #......
s - Conjure Flame         Conj/Fire      #.......     21%         3    #......
v - Blink                 Tloc           N/A          9%          2    None

Your spell library contained the following spells:

 Spells                   Type           Power        Failure   Level  Hunger
 Slow                     Hex            #.......     13%         2    None


Dungeon Overview and Level Annotations

Branches:
Dungeon (2/15)

Altars:
Nemelex Xobeh
Uskayaw
Wu Jian


Message History

Aiming: Magic Dart (safe; 5% risk of failure)
Press: ? - help, Shift-Dir - straight line, f/p - hobgoblin
Aim: a hobgoblin (heavily wounded)
The magic dart hits the hobgoblin.
You kill the hobgoblin!
Your Spellcasting skill increases to level 6!
Casting: Magic Dart (safe; 5% risk of failure)
Confirm with . or Enter, or press ? or * to list all spells.
You can't see any susceptible monsters within range! (Use Z to cast anyway.)
Casting: Magic Dart (safe; 5% risk of failure)
Confirm with . or Enter, or press ? or * to list all spells.
You can't see any susceptible monsters within range! (Use Z to cast anyway.)
Casting: Magic Dart (safe; 5% risk of failure)
Confirm with . or Enter, or press ? or * to list all spells.
You can't see any susceptible monsters within range! (Use Z to cast anyway.)
d - 3 rations (gained 1) This spell is potentially lethal to cast!
Memorise Mephitic Cloud, consuming 3 spell levels and leaving 6?
You start memorising the spell.
You continue memorising. x3
You finish memorising.
Spell assigned to 'e'.
This spell is extremely dangerous to cast!
Memorise Conjure Flame, consuming 3 spell levels and leaving 3?
You start memorising the spell.
You continue memorising. x3
You finish memorising.
Spell assigned to 's'.
Casting: Magic Dart (safe; 5% risk of failure)
Confirm with . or Enter, or press ? or * to list all spells.
A beastly little devil appears in a puff of flame.
The dart slug bites you.
Casting: Call Imp (safe; 9% risk of failure)
Confirm with . or Enter, or press ? or * to list all spells.
Aiming: Magic Dart (safe; 5% risk of failure)
Press: ? - help, Shift-Dir - straight line, f - dart slug
Aim: a dart slug The magic dart hits the dart slug.
The dart slug is moderately wounded.
The dart slug closely misses you.
Casting: Magic Dart (safe; 5% risk of failure)
Confirm with . or Enter, or press ? or * to list all spells.
You don't have enough magic to cast that spell.
You swap places.
You see here a mace.
f - a mace The dart slug bites you.
* * * LOW HITPOINT WARNING * * *
Your crimson imp blinks!
f - a +0 mace (weapon)
You hit the dart slug.
The dart slug is almost dead.
The dart slug launches a dart at you. The slug dart hits you.
* * * LOW HITPOINT WARNING * * *
The dart slug barely misses your crimson imp.
The dart slug launches a dart at you. The slug dart hits your crimson imp.
Casting: Magic Dart (safe; 5% risk of failure)
Confirm with . or Enter, or press ? or * to list all spells.
Aiming: Magic Dart (safe; 5% risk of failure)
Press: ? - help, Shift-Dir - straight line, p - dart slug The magic dart hits the dart slug.
The dart slug is almost dead.
Your crimson imp blinks!
The dart slug launches a dart at you. The slug dart hits you.
You die...

#.# #.#.#.#.# #.#.#.#.#
#.#.#.#.#
###+#+###+#.#.#.#.#
#.................#
#..........58.8.8.#
#...............†.#
..##.#.###.....@...#
#.#.###..#w.....#
...##.#......#_.....#
..........#..#.!.......#
..†...#w###.........(###
......#...#<.........#
......#.#.#.#.8.8.8..#
......#.#.#.#........#
†.....#.#.# ##########


You could see a dart slug and a friendly crimson imp.

Vanquished Creatures
  An ooze (D:2)
  A dart slug (D:2)
  A bat (D:1)
  2 giant cockroaches
  A goblin (D:2)
  3 hobgoblins (D:2)
  3 jackals (D:2)
  2 kobolds (D:2)
14 creatures vanquished.

Vanquished Creatures (collateral kills)
  An adder (D:2)
1 creature vanquished.

Grand Total: 15 creatures vanquished

Notes
Turn   | Place    | Note
-------+----------+-------------------------------------------
     0 | D:1      | Amnesiac the Deep Elf Wizard began the quest for the Orb.
     0 | D:1      | Reached XP level 1. HP: 10/10 MP: 7/7
    62 | D:2      | Reached skill level 5 in Spellcasting
   169 | D:2      | Reached XP level 2. HP: 13/15 MP: 2/10
   173 | D:2      | Learned a level 2 spell: Call Imp
   176 | D:2      | Learned a level 2 spell: Blink
   414 | D:2      | Found an ornate altar of the Wu Jian Council.
   414 | D:2      | Found a sparkling altar of Nemelex Xobeh.
   512 | D:2      | Reached XP level 3. HP: 19/19 MP: 6/12
   550 | D:2      | Found a hide-covered altar of Uskayaw.
   553 | D:2      | Reached skill level 6 in Spellcasting
   561 | D:2      | Learned a level 3 spell: Mephitic Cloud
   565 | D:2      | Learned a level 3 spell: Conjure Flame
   574 | D:2      | Killed from afar by a dart slug

Levels and vault maps discovered:
D:1:      eino_arrival_water_cross, layout_rooms, kennysheep_nondescript
D:2:      layout_basic, eat_drink_and_be_merry_uskayaw,
          amethyst_overflow_temple_binary, first_ration

Skill      XL: |  1  2  3 |
---------------+----------+-----
Spellcasting   | 5 6 |  6.0
Dodging        | |  2.4
Stealth        | |  2.4
Conjurations   | |  1.1
Summonings     | |  1.1
Translocations | |  1.1

Action                   || total
-------------------------++-------
Melee: Unarmed           ||     2
       Mace              ||     1
 Cast: Magic Dart        ||    54
       Call Imp          ||     2
Armor: Robe              ||     3
Dodge: Dodged            ||    16

Table legend:
 A = Non-vault XP
 B = Vault XP
 C = Vault XP percentage of total XP
 D = Non-vault monster count
 E = Vault monster count
 F = Vault count percentage of total count
                 A         B        C        D         E       F
            +---------+---------+-------+---------+---------+-------
      Total |      45 |       0 |   0.0 |      15 |       0 |   0.0
            +---------+---------+-------+---------+---------+-------
        D:1 |       4 |       0 |   0.0 |       2 |       0 |   0.0
        D:2 |      41 |       0 |   0.0 |      13 |       0 |   0.0
            +---------+---------+-------+---------+---------+-------
